Map: Ascension to Aiur LE

Players

MaNa - Winner!

  • Race: Protoss Protoss
  • Spawn Location: 5:00

MightyKiwi

  • Race: Zerg Zerg
  • Spawn Location: 11:00

Event: WCS Montreal 2017

VOD

Have the link to the VOD?

Description

Time

  • Played on: Sept. 8, 2017, 2:27 p.m.
  • Length: 11:35

All games in this series

Show
View Real Time Build Order
Export as new Build Order

MaNa Protoss - Winner!

Build Orders: Oracle Opening 

Get SALT Encoding   

  12  0:00  Probe (Chrono Boost)  
  13  0:11  Probe (Chrono Boost)  
  14  0:19  Pylon  
  14  0:22  Probe (Chrono Boost)  
  15  0:37  Probe (Chrono Boost)  
  15  0:38  Gateway  
  16  0:47  Assimilator  
  16  0:48  Probe (Chrono Boost)  
  17  0:58  Probe (Chrono Boost)  
  18  1:09  Probe (Chrono Boost)  
  19  1:11  Gateway  
  19  1:19  Probe (Chrono Boost)  
  19  1:25  Cybernetics Core  
  20  1:26  Zealot (Chrono Boost)  
  20  1:32  Pylon  
  22  1:34  Probe  
  22  1:47  Probe (Chrono Boost)  
  23  1:58  Probe (Chrono Boost)  
  24  2:02  Adept (Chrono Boost)  
  24  2:05  Adept (Chrono Boost)  
  28  2:22  Probe  
  28  2:34  Probe (Chrono Boost)  
  28  2:36  Warp Gate  
  29  2:39  Nexus  
  29  2:44  Assimilator  
  29  2:46  Probe (Chrono Boost)  
  29  2:50  Pylon  
  30  2:56  Probe (Chrono Boost)  
  31  3:06  Stargate  
  31  3:08  Probe (Chrono Boost)  
  32  3:19  Probe (Chrono Boost)  
  32  3:29  Probe (Chrono Boost)  
  32  3:31  Adept x2  
  37  3:40  Probe (Chrono Boost), Pylon  
  38  3:50  Probe (Chrono Boost)  
  38  3:53  Oracle (Chrono Boost)  
  42  4:01  Probe x2 (Chrono Boost)  
  40  4:10  Mothership Core  
  40  4:12  Probe  
  43  4:18  Pylon  
  43  4:24  Probe  
  43  4:29  Oracle (Chrono Boost)  
  43  4:30  Probe  
  47  4:36  Probe  
  49  4:40  Probe  
  50  4:48  Nexus, Stalker  
  50  5:04  Probe x2 (Chrono Boost)  
  50  5:06  Oracle  
  55  5:12  Pylon x2  
  55  5:13  Adept  
  57  5:17  Assimilator  
  57  5:18  Assimilator, Adept  
  59  5:22  Probe x2 (Chrono Boost)  
  60  5:33  Probe (Chrono Boost)  
  60  5:34  Probe (Chrono Boost)  
  62  5:42  Void Ray (Chrono Boost)  
  62  5:43  Probe x2 (Chrono Boost)  
  68  5:53  Probe  
  68  5:55  Probe  
  70  6:02  Probe  
  70  6:03  Stargate, Adept x2  
  75  6:04  Probe  
  75  6:07  Probe  
  77  6:12  Probe  
  77  6:14  Probe  
  79  6:19  Probe  
  79  6:23  Probe  
  79  6:24  Oracle (Chrono Boost)  
  79  6:25  Probe  
  84  6:28  Assimilator  
  84  6:31  Assimilator  
  84  6:32  Probe  
  86  6:33  Probe  
  86  6:35  Probe  
  88  6:44  Probe x2  
  88  6:46  Probe  
  88  6:54  Probe  
  88  6:56  Probe  
  88  6:57  Probe  
  88  6:58  Oracle (Chrono Boost)  
  97  7:01  Oracle (Chrono Boost)  
  97  7:04  Adept x2  
  97  7:08  Gateway x2  
  101  7:10  Forge  
  101  7:12  Pylon  
  101  7:15  Pylon  
  101  7:17  Probe  
  101  7:18  Probe, Twilight Council  
  101  7:28  Probe  
  101  7:30  Probe x2  
  100  7:38  Oracle x2 (Chrono Boost)  
  100  7:39  Probe  
  100  7:40  Adept x2  
  100  7:42  Probe x2  
  113  7:49  Protoss Ground Weapons Level 1 (Chrono Boost), Probe  
  114  7:52  Forge  
  114  7:57  Gateway  
  114  7:59  Gateway  
  114  8:09  Oracle (Chrono Boost)  
  114  8:12  Charge  
  117  8:19  Nexus  
  117  8:20  Pylon  
  117  8:23  Gateway, Pylon  
  117  8:24  Protoss Ground Armor Level 1 (Chrono Boost)  
  117  8:27  Pylon  
  117  8:29  Pylon  
  117  8:31  Pylon  
  117  8:37  Oracle  
  117  8:40  Zealot x3  
  124  8:41  Photon Cannon  
  124  8:42  Gateway  
  124  8:47  Gateway x2  
  124  8:51  Zealot  
  124  8:55  Templar Archives  
  126  8:59  Assimilator  
  126  9:03  Assimilator  
  123  9:12  Zealot x4  
  123  9:13  Zealot  
  123  9:16  Robotics Facility, Oracle x2  
  139  9:25  Probe x3  
  142  9:34  High Templar  
  142  9:35  High Templar x3  
  142  9:36  Zealot x2  
  154  9:39  Archon  
  154  9:40  Archon  
  154  9:41  Probe x2  
  152  9:58  Oracle  
  152  9:59  Oracle  
  155  10:01  High Templar x4  
  155  10:02  Zealot x2  
  155  10:04  Observer (Chrono Boost)  
  168  10:07  Archon x2  
  168  10:11  Pylon  
  168  10:13  Pylon  
  168  10:15  Pylon  
  168  10:17  Pylon  
  168  10:19  Warp Prism  
  168  10:26  Sentry  
  172  10:35  Zealot x9  
  190  10:53  Observer  
  191  10:57  High Templar x4  
  191  11:03  Archon  
  199  11:07  Archon  
  153  11:34  High Templar x4  
  153  11:35  Zealot x6  
Show
View Real Time Build Order
Export as new Build Order

MightyKiwi Zerg 

Build Orders: Pool First 

Get SALT Encoding   

  12  0:19  Spawning Pool  
  11  0:22  Drone  
  11  0:26  Drone  
  13  0:31  Drone  
  14  0:40  Overlord  
  14  1:06  Zergling x6  
  17  1:17  Zergling x2  
  18  1:20  Hatchery  
  17  1:28  Drone  
  18  1:38  Drone  
  19  1:43  Queen  
  21  1:49  Overlord  
  21  2:04  Drone  
  21  2:06  Extractor  
  21  2:19  Drone  
  21  2:22  Drone  
  23  2:26  Queen  
  24  2:32  Zergling x4  
  24  2:35  Queen  
  25  2:42  Zergling x2  
  26  2:44  Zergling x2  
  27  2:53  Zergling x2  
  27  2:57  Zergling x2  
  27  2:58  Zergling x2  
  30  3:07  Overlord  
  30  3:09  Drone x3  
  33  3:17  Drone x2  
  33  3:22  Metabolic Boost  
  32  3:29  Zergling x2  
  32  3:30  Zergling x2  
  34  3:44  Spore Crawler  
  34  3:46  Spore Crawler  
  30  3:59  Drone  
  30  4:00  Drone x2  
  33  4:04  Drone  
  33  4:09  Drone x2  
  36  4:10  Hatchery  
  36  4:17  Spore Crawler, Drone  
  35  4:19  Drone  
  35  4:26  Zergling x2  
  35  4:27  Zergling x2  
  35  4:40  Drone x5  
  40  4:47  Drone  
  40  4:48  Drone  
  41  4:56  Spore Crawler  
  35  5:03  Drone x2  
  35  5:10  Spore Crawler, Drone  
  35  5:12  Drone  
  36  5:18  Overlord  
  36  5:28  Drone x5  
  41  5:31  Drone  
  39  5:38  Lair  
  39  5:44  Overlord  
  39  5:45  Drone  
  39  5:46  Drone x2  
  39  5:49  Drone  
  43  5:52  Drone x2  
  43  5:55  Drone x2  
  47  5:58  Drone  
  47  6:01  Drone  
  47  6:02  Overlord  
  49  6:05  Overlord  
  45  6:18  Drone x6  
  46  6:25  Drone x2  
  48  6:26  Extractor, Drone x2  
  48  6:28  Zergling x2  
  48  6:30  Zergling x2  
  48  6:31  Zergling x2  
  52  6:33  Zergling x2  
  52  6:37  Zergling x4  
  55  6:43  Drone x4  
  58  6:50  Drone x2  
  58  6:51  Drone  
  58  6:56  Hydralisk Den  
  56  7:02  Baneling Nest  
  56  7:03  Drone x4  
  56  7:04  Drone x2  
  61  7:12  Overlord  
  61  7:13  Extractor  
  60  7:31  Hydralisk  
  60  7:32  Hydralisk x3  
  60  7:37  Drone x10  
  60  7:42  Queen  
  68  7:45  Extractor  
  68  7:46  Hydralisk  
  68  7:47  Hydralisk  
  68  7:49  Drone x4  
  74  7:56  Overlord  
  69  8:07  Drone x7  
  69  8:11  Extractor  
  72  8:13  Muscular Augments  
  72  8:18  Drone x6  
  78  8:21  Baneling Nest  
  78  8:22  Spore Crawler  
  78  8:24  Queen  
  79  8:31  Drone  
  79  8:32  Drone x2  
  81  8:37  Hydralisk  
  81  8:39  Overlord  
  81  8:41  Overlord  
  81  8:45  Spore Crawler  
  80  8:50  Hydralisk  
  80  8:53  Extractor  
  81  8:56  Queen  
  81  8:57  Spore Crawler, Hydralisk x2  
  75  9:10  Hydralisk  
  75  9:11  Hydralisk x5  
  75  9:13  Drone  
  75  9:14  Drone  
  89  9:26  Hydralisk x3  
  89  9:28  Queen  
  97  9:38  Overlord  
  97  9:39  Overlord x2  
  97  9:44  Zergling x2  
  97  9:45  Zergling x2  
  92  9:58  Zergling x14  
  90  10:02  Overlord  
  90  10:11  Drone  
  90  10:12  Drone x4  
  95  10:22  Baneling x2  
  95  10:23  Baneling x7  
  95  10:29  Hatchery  
  94  10:40  Zergling x2  
  94  10:41  Zergling x14  
  102  10:56  Drone  
  103  11:05  Baneling  
  103  11:06  Baneling x13  
  103  11:11  Hydralisk x6  
Tags
 
Add a new tag
Caveats
  • Supply blocks, unpowered buildings, or Contaminate may cause inaccurate times.
  • Supply counts are checked every 10 seconds.